 Dungeon Crawl Stone Soup version 0.31.0-32-g396128a36d (webtiles) character file.

Game seed: 3622660171521665670

9982 H0rd4k the Warrior (level 11, -2/92 HPs)
             Began as an Octopode Artificer on Apr 19, 2024.
             Was an Initiate of Gozag.
             Slain by a manticore (4 damage)
             ... while petrified by a basilisk
             ... on level 12 of the Dungeon.
             The game lasted 00:14:17 (11856 turns).

H0rd4k the Warrior (Octopode Artificer)            Turns: 11856, Time: 00:14:18

Health: -2/92      AC:  1    Str: 12    XL:     11   Next: 55%
Magic:  11/11      EV:  2    Int: 18    God:    Gozag
Gold:   1594       SH:  0    Dex: 12    Spells: 10/10 levels left

rFire   . . .        e - +7 demon trident "Widowermaker" {drain, rPois}
rCold   . . .        (no shield)
rNeg    + + +        (helmet restricted)
rPois   ∞            (no amulet)
rElec   .            z - ring of see invisible
rCorr   .            T - +4 ring of slaying
SInv    +            (no ring)
Will    .....        (no ring)
Stlth   +++          (no ring)
HPRegen 0.35/turn    (no ring)
MPRegen 0.12/turn    (no ring)
                     (no ring)

%: no passive effects
@: petrified
A: almost no armour, amphibious, 8 rings, camouflage 1, gelatinous body 1,
(nimble swimmer 1), tentacles
a: Renounce Religion, Potion Petition, Call Merchant, Bribe Branch


You were on level 12 of the Dungeon.
You worshipped Gozag.
Gozag was most pleased with you.
You visited 2 branches of the dungeon, and saw 13 of its levels.
You also visited: Sewer and Ossuary.

You collected 1761 gold pieces.
You spent 112 gold pieces at shops.
You paid 55 gold pieces to Gozag.

Inventory:

Hand Weapons
 b - a +2 dagger of venom
 e - the +7 demon trident "Widowermaker" (weapon) {drain, rPois}
   (You acquired it on level 4 of the Dungeon)

   rPois:     It protects you from poison
 u - a +3 falchion
 v - a +1 dagger of flaming
 y - a +2 short sword of protection
Missiles
 l - 10 curare-tipped darts
 o - 2 throwing nets
 D - 34 poisoned darts (quivered)
Armour
 t - an orb of energy
Magical Staves
 i - a staff of air
 s - a staff of earth
 B - a staff of alchemy
Jewellery
 z - a ring of see invisible (left tentacle)
 J - a ring of fire
 T - a +4 ring of slaying (right tentacle)
Wands
 q - a wand of polymorph (9)
 H - a wand of acid (15)
 Q - a wand of flame (4)
Scrolls
 a - 3 scrolls of teleportation
 d - 2 scrolls of immolation
 f - 2 scrolls of noise
 g - 4 scrolls of blinking
 h - a scroll of torment
 j - a scroll of revelation
 m - 2 scrolls of vulnerability
 p - 2 scrolls of butterflies
 w - 3 scrolls of amnesia
 x - a scroll of silence
 G - 2 scrolls of enchant weapon
 M - a scroll of brand weapon {unknown}
 O - a scroll of fog {unknown}
 P - 3 scrolls of fear {unknown}
 S - a scroll of identify
Potions
 k - 2 potions of attraction {unknown}
 n - a potion of invisibility {unknown}
 r - 5 potions of might
 A - 7 potions of curing
 C - a potion of cancellation {unknown}
 E - 4 potions of ambrosia
 F - 3 potions of enlightenment {unknown}
 I - 4 potions of resistance
 K - a potion of berserk rage {unknown}
 L - 2 potions of haste
 N - a potion of brilliance {unknown}
 R - a potion of mutation {unknown}


   Skills:
 + Level 15.4 Fighting
 - Level 8.1 Polearms
 + Level 0.2 Throwing
 - Level 2.3 Dodging
 - Level 1.3 Stealth
 + Level 10.2 Unarmed Combat
 - Level 3.2 Evocations


You had 10 spell levels left.
You didn't know any spells.
Your spell library contained the following spells:

 Spells                   Type           Power      Damage    Failure   Level
 Magic Dart               Conj           0%         1d3       22%         1
 Slow                     Hex            0%         N/A       22%         1
 Blink                    Tloc           0%         N/A       32%         2
 Call Imp                 Summ           0%         N/A       32%         2
 Jinxbite                 Hex            0%         N/A       32%         2
 Lesser Beckoning         Tloc           0%         N/A       32%         2
 Confusing Touch          Hex            0%         N/A       54%         3
 Gell's Gravitas          Tloc           0%         N/A       54%         3
 Sigil of Binding         Hex            0%         N/A       54%         3
 Teleport Other           Tloc           0%         N/A       54%         3
 Tukima's Dance           Hex            0%         N/A       54%         3
 Vampiric Draining        Necr           0%         2d6       54%         3
 Volatile Blastmotes      Fire/Tloc      0%         2d10      54%         3
 Dimensional Bullseye     Hex/Tloc       0%         N/A       91%         4
 Fulminant Prism          Conj/Alch      0%         3d5       91%         4
 Iskenderun's Mystic Bla  Conj/Tloc      0%         2d3       91%         4
 Iskenderun's Battlesphe  Conj           0%         2d6       99%         5
 Yara's Violent Unravell  Hex/Alch       0%         3d3       99%         5
 Bombard                  Conj/Erth      0%         9d1       100%        6
 Enfeeble                 Hex            0%         N/A       100%        7
 Haunt                    Necr/Summ      0%         N/A       100%        7
 Spellforged Servitor     Conj/Summ      0%         N/A       100%        7
 Borgnjor's Revivificati  Necr           0%         N/A       100%        8
 Death's Door             Necr           0%         N/A       100%        9


Dungeon Overview and Level Annotations

Branches:
Dungeon (12/15)            Temple (1/1) D:4            Lair (0/5) D:11
    Orc (0/2) D:11          Sewer (visited)         Ossuary (visited)

Altars:
Ashenzari
Cheibriados
Dithmenos
Elyvilon
Fedhas
Gozag
Hepliaklqana
Kikubaaqudgha
Makhleb
Nemelex Xobeh
Okawaru
Qazlal
Ru
Sif Muna
Trog
Uskayaw
Vehumet
Wu Jian
Xom
Yredelemnul
Zin
The Shining One

Shops:
D:2 *   D:9 *

Annotations:
D:2 1 runed translucent door, exclusion: door, Crazy Yiuf
D:5 3 runed translucent doors, exclusion: 3 doors, Murmeli's ghost, novice DsAl; TangoThomas's ghost, novice DsRe; riffraff's ghost, novice GnFi; thorgang's ghost, novice DsSh
D:11 Erolcha
D:12 Frances


Innate Abilities, Weirdness & Mutations

You cannot wear most types of armour.
You are amphibious.
You can wear up to eight rings at the same time.
Your skin changes colour to match your surroundings (Stealth+).
Your rubbery body absorbs attacks. (AC +1, EV +1)
((You are camouflaged when in or above water. (Stealth+)))
You have tentacles for arms and can constrict up to eight enemies at once.


Message History

The boulder beetle bites you!!
You hear an angry hiss.
Aiming: Charm
Press: ? - help, Shift-Dir - straight line, f/p - boulder beetle
Aim: a boulder beetle (chance to affect: 39%)
The boulder beetle resists with some effort.
The now-empty wand crumbles to dust.
The unseen horror is distracted by your dazzling golden aura.
A cyclops comes into view.
The boulder beetle bites you!
* * * LOW HITPOINT WARNING * * *
A gargoyle comes into view. It is wielding a +0 flail.
Blink to where?
Press: ? - help, Dir - move target, p - boulder beetle A basilisk, a cyclops and a slime creature come into view.
Found 7 gold pieces.
As you read the scroll of blinking, it crumbles to dust.
Unknown command.
As you read the scroll of teleportation, it crumbles to dust.
You feel strangely unstable.
The cyclops throws a large rock.
The large rock closely misses you.
A slime creature comes into view.
The basilisk gazes at you.
You are slowing down.
Your surroundings suddenly seem different.
A manticore comes into view.
The manticore moves out of view.
Your limbs are stiffening.
You have turned to stone.
The manticore bites you!
* * * LOW HITPOINT WARNING * * *
The manticore claws you!
* * * LOW HITPOINT WARNING * * *
The manticore claws you.
* * * LOW HITPOINT WARNING * * *
A yak comes into view.
The manticore bites you!!
* * * LOW HITPOINT WARNING * * *
The manticore claws you!
You die...
Your body crumbles into a pile of gold.

#.# # .C. #.#
#.. #.#
####..#.. ####
#......#
##....##.#8....
.......@......#
###...H...#.Y#..
#..###### #.# #.
.. .. .. .


You could see a manticore and a yak (wandering).

Vanquished Creatures
  A two-headed ogre (D:9)
  An ugly thing (D:11)
  A manticore (D:11)
  Joseph (D:10)
  An unseen horror (D:12)
  3 kobold demonologists
  A troll (D:11)
  A hornet (D:10)
  A wraith (D:11)
  A wyvern (D:10)
  A vampire (D:11)
  11 yaks
  A steam dragon (D:10)
  A water moccasin (D:8)
  2 black bears
  3 ice beasts
  An orc warrior (D:8)
  A sky beast (D:7)
  3 ogres
  3 phantoms
  2 centaurs
  4 elf zombies (Ossuary)
  2 kobold brigands
  A gnoll sergeant (D:9)
  A weeping skull (Ossuary)
  4 bullfrogs
  2 scorpions
  A burial acolyte (Ossuary)
  10 wights
  5 killer bees (D:9)
  2 electric eels (D:10)
  3 howler monkeys
  A centaur zombie (Ossuary)
  A bombardier beetle (D:7)
  2 human zombies (Ossuary)
  4 orc priests
  3 hounds
  A sleepcap (D:8)
  Natasha (thrice) (D:2)
  3 iguanas
  5 orc wizards
  6 hound zombies (Ossuary)
  2 mummies (Ossuary)
  6 gnolls
  9 adders
  A shadow imp (D:7)
  4 ufetubi
  10 dart slugs
  22 orcs
  11 endoplasms
  15 giant cockroaches
  6 goblins
  3 hobgoblins
  9 jackals
  3 quokkas (D:1)
  9 ball pythons
  10 bats
  13 frilled lizards
  2 gnoll zombies (Ossuary)
  21 kobolds
  A quokka zombie (D:4)
  5 rats
  A rat zombie (D:4)
268 creatures vanquished.

Vanquished Creatures (collateral kills)
  2 yaks (D:7)
  3 centaurs (D:11)
  A burial acolyte (Ossuary)
  An iguana (D:7)
  A gnoll zombie (Ossuary)
  An orc zombie (Ossuary)
9 creatures vanquished.

Vanquished Creatures (others)
  A steam dragon (D:7)
  2 centaurs (D:11)
  A gnoll (D:4)
  A jackal (D:2)
5 creatures vanquished.

Grand Total: 282 creatures vanquished

Notes
Turn   | Place    | Note
-------+----------+-------------------------------------------
     0 | D:1      | H0rd4k the Octopode Artificer began the quest for the Orb.
     0 | D:1      | Reached XP level 1. HP: 13/13 MP: 1/1
   201 | D:1      | Reached skill level 1 in Unarmed Combat
   222 | D:1      | Reached XP level 2. HP: 13/18 MP: 2/2
   768 | D:2      | Noticed Natasha
   788 | D:2      | Reached XP level 3. HP: 14/23 MP: 3/3
   884 | D:2      | Killed Natasha
   908 | D:2      | Found Keciarcho's Assorted Antiques.
   935 | D:2      | Noticed Natasha
   940 | D:2      | HP: 1/24 [Natasha (9)]
   942 | D:2      | Killed Natasha
   943 | D:2      | Reached XP level 4. HP: 2/29 MP: 4/4
  1105 | D:2      | Found a runed translucent door.
  1106 | D:2      | Noticed Crazy Yiuf
  1200 | D:2      | Noticed Natasha
  1204 | D:2      | Killed Natasha
  1205 | D:2      | Reached skill level 2 in Fighting
  1358 | D:2      | Identified the +0 helmet of the Cuttlefish {Will+}
  1391 | D:2      | Reached XP level 5. HP: 29/34 MP: 5/5
  1542 | D:2      | Found a faded altar of an unknown god.
  1663 | D:2      | Identified the +0 robe of Dishonesty {Fly rF- SInv
                  | Archmagi}
  2962 | D:4      | Found a staircase to the Ecumenical Temple.
  2970 | D:4      | Reached skill level 5 in Unarmed Combat
  2975 | D:4      | Reached XP level 6. HP: 34/39 MP: 6/6
  2989 | D:4      | Found a sand-covered staircase.
  2996 | Ossuary  | Entered an ossuary
  3123 | Ossuary  | Reached XP level 7. HP: 13/45 MP: 7/7
  3193 | Ossuary  | Reached skill level 3 in Fighting
  3394 | Ossuary  | Reached XP level 8. HP: 35/52 MP: 8/8
  3507 | D:4      | Found a glowing drain.
  3511 | Sewer    | Entered a sewer
  4187 | Temple   | Entered the Ecumenical Temple
  4194 | Temple   | Became a worshipper of Gozag Ym Sagoz the Greedy
  4603 | D:4      | Found an ornate altar of the Wu Jian Council.
  4610 | D:4      | Found a snail-covered altar of Cheibriados.
  4613 | D:4      | Found an iron altar of Okawaru.
  4613 | D:4      | Found a basalt altar of Yredelemnul.
  4620 | D:4      | Found a radiant altar of Vehumet.
  4684 | D:4      | Identified 2 scrolls of acquirement
  4684 | D:4      | Acquired a manual of Fighting
  4686 | D:4      | Acquired the +7 demon trident "Widowermaker" {drain, rPois}
  4724 | D:5      | Entered Level 5 of the Dungeon
  4935 | D:5      | Reached skill level 4 in Fighting
  5045 | D:5      | Reached skill level 1 in Polearms
  5105 | D:5      | Found a runed translucent gate.
  5105 | D:5      | Found a runed translucent gate.
  5108 | D:5      | Found a runed translucent gate.
  5109 | D:5      | Noticed riffraff's ghost (novice GnFi)
  5109 | D:5      | Noticed thorgang's ghost (novice DsSh)
  5110 | D:5      | Noticed TangoThomas's ghost (novice DsRe)
  5110 | D:5      | Noticed Murmeli's ghost (novice DsAl)
  5150 | D:5      | Reached skill level 10 in Unarmed Combat
  5150 | D:5      | Reached XP level 9. HP: 59/59 MP: 9/9
  7103 | D:6      | Reached skill level 5 in Fighting
  7103 | D:6      | Reached skill level 5 in Polearms
  7771 | D:8      | Found the +3 Mad Mage's Maulers {Infuse+∞ VampMP -Cast}
  7855 | D:8      | Reached XP level 10. HP: 68/68 MP: 10/10
  8276 | D:9      | Reached skill level 6 in Fighting
  8571 | D:9      | Noticed a kobold demonologist
  8572 | D:9      | Noticed a kobold demonologist
  8579 | D:9      | Noticed a soul eater
  8583 | D:9      | Killed a kobold demonologist
  8584 | D:9      | Reached skill level 7 in Fighting
  8590 | D:9      | Killed a kobold demonologist
  8591 | D:9      | Reached skill level 8 in Fighting
  8601 | D:9      | Reached skill level 9 in Fighting
  9262 | D:9      | Found Peno's General Store.
  9263 | D:9      | Noticed a two-headed ogre
  9270 | D:9      | Killed a two-headed ogre
  9271 | D:9      | Reached skill level 11 in Fighting
  9373 | D:9      | Bought a scroll of blinking for 112 gold pieces
  9403 | D:10     | Entered Level 10 of the Dungeon
  9632 | D:10     | Noticed a kobold demonologist
  9638 | D:10     | Killed a kobold demonologist
  9691 | D:10     | Reached skill level 12 in Fighting
  9906 | D:10     | Reached skill level 13 in Fighting
  9913 | D:10     | Reached XP level 11. HP: 69/86 MP: 11/11
  9952 | D:10     | Noticed Joseph
 10135 | D:10     | Killed Joseph
 10136 | D:10     | Reached skill level 14 in Fighting
 11004 | D:11     | Found a staircase to the Lair.
 11152 | D:11     | HP: 3/90 [centaur/arrow (8)]
 11367 | D:11     | Noticed Erolcha
 11447 | D:11     | Noticed a red ugly thing
 11465 | D:11     | Killed a red ugly thing
 11466 | D:11     | Reached skill level 15 in Fighting
 11678 | D:11     | Noticed a manticore
 11682 | D:11     | Killed a manticore
 11765 | D:11     | Found a staircase to the Orcish Mines.
 11832 | D:12     | Noticed Frances
 11842 | D:12     | Noticed a boulder beetle
 11844 | D:12     | Noticed a tengu warrior
 11846 | D:12     | Noticed a cyclops
 11847 | D:12     | Noticed a cyclops
 11851 | D:12     | Noticed a manticore
 11856 | D:12     | HP: 2/92 [manticore (10)]
 11856 | D:12     | Slain by a manticore

Illustrated notes

Levels and vault maps discovered:
D:1:      dpeg_arrival_windows_large_door, layout_loops_ring,
          chequers_serial_rivers_small_3
D:2:      wad_crossroads, layout_basic, basic_ecumenical_altar, serial_shops,
          nicolae_shop_stone, serial_bayou_pond_e, kennysheep_generic_room_14,
          uniq_natasha, uniq_crazy_yiuf_cottage
D:3:      layout_basic, chequers_serial_rivers_room_a
D:4:      layout_rooms, nicolae_overflow_hallway_of_the_gods,
          minmay_temple_entry_proselytizer,
          mainiacjoe_sewer_entry_somewhere_in_here_2, enter_ossuary_4
D:5:      layout_loops_ring, gammafunk_ghost_cemetery
D:6:      layout_basic
D:7:      layout_cave_pools, nrook_campfire, minmay_misc_feat_hallway
D:8:      layout_gridville
D:9:      layout_loops_ring, serial_shops,
          nicolae_shop_temple_entry_statues_fountains
D:10:     layout_basic, minmay_increasing_density, uniq_joseph
D:11:     layout_loops_ring, grunt_lair_entry_orc_guard_hut, orc_0_dummy,
          uniq_erolcha
D:12:     minmay_complete_graph, layout_long_grid,
          hellmonk_guarded_unrand_frostbite, uniq_frances, uniq_lodul
Temple:   sentei_temple_godly_chess

Skill      XL: |  1  2  3  4  5  6  7  8  9 10 11 |
---------------+----------------------------------+-----
Unarmed Combat | 1 2 3 4 5 6 7 10 | 10.2
Fighting       | 2 3 4 5 13 15 | 15.4
Polearms       | 2 7 8 |  8.1
Throwing       | |  0.2
Dodging        | |  2.3
Stealth        | |  1.3
Evocations     | |  3.2

Action                     |  1- 3 |  4- 6 |  7- 9 | 10-12 || total
---------------------------+-------+-------+-------+-------++-------
  Melee: Unarmed           |    65 |   129 |   156 |       ||   350
         Constrict         |    15 |    27 |    50 |    20 ||   112
         Tentacles         |    13 |    40 |    55 |    40 ||   148
         Punch             |     1 |     7 |     4 |    13 ||    25
         Demon trident     |       |       |   118 |   205 ||   323
  Throw: Dart              |       |       |       |     2 ||     2
  Evoke: Wand              |     4 |    11 |    11 |    12 ||    38
    Use: Potion            |       |       |     4 |     2 ||     6
         Scroll            |       |       |    15 |     3 ||    18
   Stab: Sleeping          |     8 |     7 |    25 |     9 ||    49
         Distracted        |       |     1 |     2 |     2 ||     5
 Armour: Skin              |    30 |    72 |    99 |   116 ||   317
  Dodge: Dodged            |    31 |    83 |   122 |   100 ||   336
